 Dungeon Crawl Stone Soup version 0.21-a0-414-gba8bdf1 (webtiles) character file.

123 tof the Slasher (level 4, -1/41 HPs)
             Began as a Minotaur Monk on Nov 2, 2017.
             Killed by nerve-wracking pain
             ... invoked by an orc priest
              (12 damage)
             ... on level 3 of the Dungeon.
             The game lasted 00:04:32 (1757 turns).

tof the Slasher (Minotaur Monk)                     Turns: 1757, Time: 00:04:33

Health: -1/41      AC:  6    Str: 17    XL:     4   Next: 80%
Magic:  3/3        EV: 12    Int:  7    God:
Gold:   105        SH:  0    Dex: 12    Spells: 3/3 levels left

rFire    . . .     SeeInvis .   a - +0 falchion
rCold    . . .     Gourm    .   (no shield)
rNeg     . . .     Faith    .   m - +0 ring mail
rPois    +         Spirit   .   (helmet restricted)
rElec    .         Reflect  .   (no cloak)
rCorr    +         Harm     .   (no gloves)
MR       .....                  i - +0 pair of boots {run}
Stlth    +.........             h - amulet of rage
HPRegen  0.13/turn              j - ring of resist corrosion
MPRegen  0.08/turn              s - ring of poison resistance

@: berserk cooldown, quick
A: retaliatory headbutt, horns 2
a: Evoke Berserk Rage


You were on level 3 of the Dungeon.
You were not hungry.

You visited 1 branch of the dungeon, and saw 3 of its levels.

You collected 105 gold pieces.

Inventory:

Hand Weapons
 a - a +0 falchion (weapon)
Missiles
 g - 34 poisoned needles
Armour
 i - a +0 pair of boots of running (worn)
 m - a +0 ring mail (worn)
Jewellery
 h - an amulet of rage (around neck)
 j - a ring of resist corrosion (left hand)
 s - a ring of poison resistance (right hand)
Wands
 n - a wand of paralysis (8/24)
Scrolls
 b - a scroll of blinking {unknown}
 l - a scroll of remove curse {unknown}
 o - 2 scrolls of immolation {unknown}
 p - a scroll of amnesia {unknown}
 q - a scroll of identify {unknown}
Potions
 d - a potion of mutation {unknown}
 e - a potion of haste {unknown}
 k - a potion of heal wounds {unknown}
 r - 2 potions of curing {unknown}
Comestibles
 c - a bread ration
 f - 2 fruits
 t - a chunk of flesh


   Skills:
 + Level 4.3 Fighting
 * Level 4.8 Long Blades
 + Level 1.5 Throwing
 + Level 1.8 Armour
 + Level 3.9 Dodging
 - Level 1.5 Stealth


You had 3 spell levels left.
You didn't know any spells.

Dungeon Overview and Level Annotations

Branches:
Dungeon (3/15)

Altars:


Innate Abilities, Weirdness & Mutations

You reflexively headbutt those who attack you in melee.
You have a pair of horns on your head.


Message History

You now have 105 gold pieces (gained 13).
You see here a mace.
There isn't anything to butcher here.
You start resting.
An orc priest comes into view.
The orc priest calls down the wrath of Beogh upon you.
Beogh smites you!
* * * LOW HITPOINT WARNING * * *
You hear an angry hiss.
A leopard gecko comes into view.
The orc priest hits you but does no damage.
The leopard gecko moves out of view.
The orc priest completely misses you. You furiously retaliate!
You headbutt the orc priest, but do no damage.
You hit the orc priest.
The orc priest is heavily wounded.
You feel yourself speed up.
The orc priest invokes the aid of Beogh against you.
Pain shoots through your body!
You die...

##.........
'........#
####........####
....?..........
.............#
.............#.#
......).....)#.#
.......)†.)<.#)#
..#####.(..#@#.#
........(..)ol#
######.(..##..#
...(#.......#
###.#.#.#...#
#.#.#.#...###.#
#.#.#.#.......#
....##..#####
#.####..#


You could see an orc priest and a leopard gecko.

Vanquished Creatures
  2 adders (D:2)
  3 gnolls
  An ooze (D:1)
  2 worms
  A dart slug (D:1)
  3 leopard geckos
  2 orcs (D:3)
  6 goblins
  8 hobgoblins
  5 jackals (D:2)
  A quokka (D:2)
  2 ball pythons (D:1)
  6 bats
  5 frilled lizards
  10 kobolds
  3 rats
60 creatures vanquished.

Notes
Turn   | Place    | Note
-------+----------+-------------------------------------------
     0 | D:1      | tof the Minotaur Monk began the quest for the Orb.
     0 | D:1      | Reached XP level 1. HP: 19/19 MP: 0/0
   393 | D:1      | Reached XP level 2. HP: 26/27 MP: 1/1
   408 | D:1      | Identified a +0 pair of boots of running (You found it on level 1 of the Dungeon)
   659 | D:1      | Reached skill level 1 in Throwing
   659 | D:1      | Reached skill level 1 in Armour
   717 | D:1      | Reached XP level 3. HP: 32/33 MP: 2/2
  1442 | D:2      | Reached XP level 4. HP: 40/40 MP: 3/3
  1757 | D:3      | Killed from afar by an orc priest

Vault maps used:
D:1:      dpeg_arrival_tiny_d, grunt_decor_clamped, minmay_tree_intersection,
          st_stairs_7, minmay_shallow_snake_nest

Skill      XL: |  1  2  3 |
---------------+----------+-----
Long Blades    | 4 |  4.8
Throwing       | 1 |  1.5
Armour         | 1 |  1.8
Fighting       | 4 |  4.3
Dodging        | |  3.9
Stealth        | |  1.5

Action                   |  1- 3 |  4- 6 || total
-------------------------+-------+-------++-------
Melee: Falchion          |    87 |    29 ||   116
       Headbutt          |    18 |     5 ||    23
 Abil: Evoke Berserk Rag |       |     1 ||     1
 Stab: Sleeping          |     1 |       ||     1
  Eat: Chunk             |     1 |     2 ||     3
Armor: Leather armour    |    26 |       ||    26
       Ring mail         |     2 |    15 ||    17
Dodge: Dodged            |    75 |    37 ||   112
       Rpst.: Falchion   |    18 |     6 ||    24

Table legend:
 A = Spawn XP
 B = Non-spawn XP
 C = Spawn XP percentage of total XP
 D = Spawn monster count
 E = Non-spawn monster count
 F = Spawn count percentage of total count
 G = Total turns spent on level
                    A         B        C        D         E        F      G
               +---------+---------+-------+---------+---------+-------+---------
         Total |       0 |     177 |   0.0 |       0 |      60 |   0.0 |  1757
               +---------+---------+-------+---------+---------+-------+---------
           D:1 |       0 |      46 |   0.0 |       0 |      25 |   0.0 |   871
           D:2 |       0 |      83 |   0.0 |       0 |      26 |   0.0 |   810
           D:3 |       0 |      48 |   0.0 |       0 |       9 |   0.0 |    76
               +---------+---------+-------+---------+---------+-------+---------
